Sasquatch vs Punishers
(R1)
Created - November 13, 2017 at 19:00
Goals
|
Sasquatch |
0 |
1 |
2 |
3 |
Punishers |
1 |
3 |
1 |
5 |
|
Shots
|
Sasquatch |
10 |
10 |
11 |
31 |
Punishers |
15 |
9 |
8 |
32 |
|
1st period
1. Punishers , David Rundblad 4 (Robbie Earl 18, Mattias Tedenby 6) at 7:29 (PP)
Penalties :
Rickard Rakell (Gat) for Hooking (Minor) at 7:17, Ryan Strome (Gat) for Hooking (Minor) at 9:04
2nd period
2. Punishers , Colton Gillies 2 (Luke Adam 3, Tanner Glass 6) at 1:45
3. Punishers , Mattias Tedenby 10 (Robbie Earl 19, Casey Cizikas 10) at 2:35 (PP)
4. Sasquatch , Drew Shore 10 (Jason Zucker 6) at 3:38
5. Punishers , Garret Ross 4 (Oscar Sundqvist 1, Patrick Wiercioch 1) at 17:16
Penalties :
Yann Sauvé (Gat) for Hooking (Minor) at 2:29, Jordan Schmaltz (Pro) for Cross-checking (Minor) at 4:00, Drew Shore (Gat) for Tripping (Minor) at 7:55, Aaron Palushaj (Pro) for Roughing (Minor) at 18:20
3rd period
6. Sasquatch , Drew Shore 11 (Jason Zucker 7, Slava Voynov 2) at 1:33
7. Punishers , Robbie Earl 9 (Jordan Schmaltz 1, Mattias Tedenby 7) at 8:48
8. Sasquatch , Stephane Da Costa 10 (Jason Zucker 8, Yann Sauvé 7) at 13:06 (PP)
Penalties :
David Rundblad (Pro) for Hooking (Minor) at 1:55, Adam McQuaid (Pro) for Elbowing (Minor) at 5:56, David Laliberté (Pro) for Slashing (Minor) at 12:33
Goalie Stats
Corey Crawford (Gat), 27 saves from 32 shots - (0.844), L, 6-6-0, 60:00 minutes
Niklas Svedberg (Pro), 28 saves from 31 shots - (0.903), W, 8-3-2, 60:00 minutes
Players Stats for Sasquatch
Player Name G A P +/- PIM S H SB GA TA FO MP PP MP PK MP
------------------------------------------------------------------------------------
Brock Trotter 0 0 0 0 0 7 1 0 2 0 0/0 11:33 0:00 1:06
Danny DeKeiser 0 0 0 -3 0 1 1 1 0 0 0/0 19:50 3:41 2:25
Drew Shore 2 0 2 2 2 3 2 0 1 0 7/24 19:17 4:43 0:54
Filip Forsberg 0 0 0 -1 0 0 0 0 1 1 1/1 21:58 4:43 1:31
Garnet Hathaway 0 0 0 0 0 0 0 1 1 0 0/1 12:23 0:00 2:18
Greg Pateryn 0 0 0 2 0 0 3 0 0 0 0/0 14:00 0:00 1:51
Jason Akeson 0 0 0 -1 0 2 1 0 0 1 0/1 20:25 4:43 0:00
Jason Zucker 0 3 3 2 0 4 4 0 1 0 0/0 17:33 3:46 0:11
Jonathan Blum 0 0 0 -3 0 1 0 0 1 0 0/0 20:49 3:41 1:51
Nick Leddy 0 0 0 0 0 3 1 0 0 2 0/0 26:10 4:48 0:00
Rickard Rakell 0 0 0 0 2 0 0 0 0 0 2/4 11:24 0:00 0:51
Ryan Strome 0 0 0 2 2 1 2 0 0 0 1/2 17:27 3:46 0:00
Sergey Kalinin 0 0 0 -2 0 3 2 0 0 0 1/2 8:06 0:00 1:00
Slava Voynov 0 1 1 2 0 0 0 1 0 0 0/0 12:15 0:00 0:06
Stephane Da Costa 1 0 1 -1 0 2 0 0 3 0 9/24 19:52 3:46 0:00
Teemu Hartikainen 0 0 0 -2 0 1 0 0 0 0 0/0 8:13 0:00 0:41
Tyler Randell 0 0 0 -2 0 1 0 0 0 0 0/0 7:30 0:00 0:00
Yann Sauvé 0 1 1 0 2 2 3 1 0 2 0/0 26:55 4:48 2:19
Players Stats for Punishers
Player Name G A P +/- PIM S H SB GA TA FO MP PP MP PK MP
------------------------------------------------------------------------------------
Aaron Palushaj 0 0 0 0 2 1 1 0 0 0 0/0 12:43 0:00 1:09
Adam McQuaid 0 0 0 -1 2 1 0 1 0 0 0/0 17:01 2:16 1:49
Boone Jenner 0 0 0 0 0 0 1 0 0 0 4/7 14:16 1:25 0:00
Carter Ashton 0 0 0 1 0 0 0 0 0 1 1/1 7:23 0:11 0:00
Casey Cizikas 0 1 1 0 0 3 0 0 0 0 19/29 18:30 2:40 0:23
Colton Gillies 1 0 1 0 0 2 1 1 1 2 0/0 11:22 0:11 0:00
David Laliberté 0 0 0 0 2 0 1 0 0 1 1/1 16:31 1:25 2:08
David Rundblad 1 0 1 0 2 2 2 1 0 0 0/0 25:14 2:00 4:19
Garret Ross 1 0 1 1 0 2 0 1 0 0 0/0 9:10 0:00 1:24
Jordan Schmaltz 0 1 1 2 2 2 0 0 0 1 0/0 14:42 0:00 2:32
Luke Adam 0 1 1 0 0 1 3 1 0 0 2/5 11:10 0:00 0:00
Mattias Tedenby 1 2 3 0 0 6 1 0 2 0 2/4 20:27 2:40 2:16
Nick Schultz 0 0 0 0 0 0 0 4 0 3 0/0 23:48 2:00 0:17
Oscar Sundqvist 0 1 1 1 0 1 0 2 1 0 3/4 7:11 0:00 0:00
Patrick Wiercioch 0 1 1 2 0 0 1 1 0 1 0/0 12:04 0:00 0:00
Robbie Earl 1 2 3 0 0 7 2 0 2 0 6/8 23:23 2:42 4:49
Stefan Elliott 0 0 0 -1 0 2 1 1 0 1 0/0 20:53 2:16 5:45
Tanner Glass 0 1 1 0 0 2 2 0 0 0 0/0 19:12 1:34 4:49
Trevor Van Riemsdyk 0 0 0 0 0 0 0 0 0 0 0/0 6:26 0:00 2:16
3 Stars
1 - Jason Zucker (Gat)
2 - Drew Shore (Gat)
3 - Robbie Earl (Pro)
Power Play
Sasquatch - 1 on 5 Attempt(s) - 20.00%
Punishers - 2 on 4 Attempt(s) - 50.00%
Penalty Kill
Sasquatch - 2 on 4 Attempt(s) - 50.00%
- Score 0 goal in Penalty Kill
Punishers - 4 on 5 Attempt(s) - 80.00%
- Score 0 goal in Penalty Kill
Team Stat
Sasquatch - Hits : 20 - Faceoff Wins : 21 - Blocked Shots : 4 - Penalty Minutes : 8
Punishers - Hits : 16 - Faceoff Wins : 38 - Blocked Shots : 13 - Penalty Minutes : 10
Official
Referees : VanMassenhoven Don and Leggo Mike
Linesman : Jean Morin and Brad Lazarowich
Game Notes
No Game Note
Finance
Level 1 -- Attendance: 1335 (66.75%) -- Ticket Income $53,400
Level 2 -- Attendance: 722 (72.20%) -- Ticket Income $14,440
Total Attendance: 2057 (68.57%)
Total Ticket Income: $67,840
Other Income: $3,392
Total Income: $71,232
Sasquatch
5 vs 5 Forward
Center Left Wing Right Wing Time % Phy DF OF
1 Stephane Da Costa Filip Forsberg Jason Akeson 40 1 2 2
2 Drew Shore Jason Zucker Ryan Strome 30 1 2 2
3 Rickard Rakell Brock Trotter Garnet Hathaway 20 1 2 2
4 Sergey Kalinin Teemu Hartikainen Tyler Randell 10 1 2 2
5 vs 5 Defense
Defense Defense Time % Phy DF OF
1 Yann Sauvé Nick Leddy 40 1 2 2
2 Danny DeKeiser Jonathan Blum 30 1 2 2
3 Greg Pateryn Slava Voynov 20 1 2 2
4 Jonathan Blum Nick Leddy 10 1 2 2
PowerPlay Forward
Center Left Wing Right Wing Time % Phy DF OF
1 Drew Shore Filip Forsberg Jason Akeson 60 1 2 2
2 Stephane Da Costa Jason Zucker Ryan Strome 40 1 2 2
PowerPlay Defense
Defense Defense Time % Phy DF OF
1 Nick Leddy Yann Sauvé 60 1 2 2
2 Danny DeKeiser Jonathan Blum 40 1 2 2
Penalty Kill 4 Players Forward
Center Wing Time % Phy DF OF
1 Drew Shore Garnet Hathaway 60 1 2 2
2 Sergey Kalinin Teemu Hartikainen 40 1 2 2
Penalty Kill 4 Players Defense
Defense Defense Time % Phy DF OF
1 Yann Sauvé Danny DeKeiser 60 1 2 2
2 Greg Pateryn Jonathan Blum 40 1 2 2
Penalty Kill - 3 Players Forward
Forward Time % Phy DF OF
1 Drew Shore 60 1 2 2
2 Rickard Rakell 40 1 2 2
Penalty Kill - 3 Players Defense
Defense Defense Time % Phy DF OF
1 Danny DeKeiser Yann Sauvé 60 1 2 2
2 Jonathan Blum Greg Pateryn 40 1 2 2
4 vs 4 Forward
Center Wing Time % Phy DF OF
1 Drew Shore Filip Forsberg 60 1 2 2
2 Stephane Da Costa Jason Akeson 40 1 2 2
4 vs 4 Defense
Defense Defense Time % Phy DF OF
1 Danny DeKeiser Yann Sauvé 60 1 2 2
2 Nick Leddy Jonathan Blum 40 1 2 2
Last Minutes Offensive
Center Left Wing Right Wing Defense Defense
Stephane Da Costa Filip Forsberg Jason Akeson Nick Leddy Jonathan Blum
Last Minutes Defensive
Center Left Wing Right Wing Defense Defense
Drew Shore Teemu Hartikainen Garnet Hathaway Yann Sauvé Danny DeKeiser
Goaltenders
Starting : Corey Crawford
Backup : Joonas Korpisalo
Extra Forwards
Normal : Rickard Rakell, Teemu Hartikainen, Stephane Da Costa - PP : Jason Zucker, Rickard Rakell - PK : Filip Forsberg
Extra Defensemen
Normal : Jonathan Blum, Slava Voynov, Yann Sauvé - PP : Yann Sauvé - PK : Slava Voynov, Greg Pateryn
Penalty Shots
Ryan Strome, Jason Akeson, Jason Zucker, Tyler Randell, Filip Forsberg
Scratches
T.J. Tynan (Healthy), Ty Rattie (Healthy), Michal Jordan (Abdomen/Ribs Injury), Joey Laleggia (Healthy), Jack Campbell (Healthy)
Punishers
5 vs 5 Forward
Center Left Wing Right Wing Time % Phy DF OF
1 Casey Cizikas Robbie Earl Mattias Tedenby 40 0 2 3
2 Boone Jenner Tanner Glass David Laliberté 30 0 2 3
3 Luke Adam Colton Gillies Aaron Palushaj 20 1 2 2
4 Oscar Sundqvist Garret Ross Carter Ashton 10 1 2 2
5 vs 5 Defense
Defense Defense Time % Phy DF OF
1 David Rundblad Nick Schultz 40 1 2 2
2 Adam McQuaid Stefan Elliott 30 1 2 2
3 Patrick Wiercioch Jordan Schmaltz 20 1 2 2
4 Trevor Van Riemsdyk Nick Schultz 10 1 2 2
PowerPlay Forward
Center Left Wing Right Wing Time % Phy DF OF
1 Casey Cizikas Robbie Earl Mattias Tedenby 60 0 1 4
2 Boone Jenner Tanner Glass David Laliberté 40 0 1 4
PowerPlay Defense
Defense Defense Time % Phy DF OF
1 David Rundblad Nick Schultz 60 0 2 3
2 Adam McQuaid Stefan Elliott 40 0 2 3
Penalty Kill 4 Players Forward
Center Wing Time % Phy DF OF
1 Robbie Earl Tanner Glass 60 0 3 2
2 Mattias Tedenby David Laliberté 40 0 3 2
Penalty Kill 4 Players Defense
Defense Defense Time % Phy DF OF
1 David Rundblad Stefan Elliott 60 0 4 1
2 David Rundblad Stefan Elliott 40 0 4 1
Penalty Kill - 3 Players Forward
Forward Time % Phy DF OF
1 Robbie Earl 60 0 4 1
2 Tanner Glass 40 0 4 1
Penalty Kill - 3 Players Defense
Defense Defense Time % Phy DF OF
1 Nick Schultz Adam McQuaid 60 0 5 0
2 David Rundblad Stefan Elliott 40 0 5 0
4 vs 4 Forward
Center Wing Time % Phy DF OF
1 Robbie Earl Tanner Glass 60 0 3 2
2 Mattias Tedenby David Laliberté 40 0 3 2
4 vs 4 Defense
Defense Defense Time % Phy DF OF
1 Nick Schultz Adam McQuaid 60 0 3 2
2 David Rundblad Jordan Schmaltz 40 0 3 2
Last Minutes Offensive
Center Left Wing Right Wing Defense Defense
Casey Cizikas Robbie Earl Mattias Tedenby David Rundblad Nick Schultz
Last Minutes Defensive
Center Left Wing Right Wing Defense Defense
Casey Cizikas Robbie Earl Mattias Tedenby Adam McQuaid Stefan Elliott
Goaltenders
Starting : Niklas Svedberg
Backup : Louis Domingue
Extra Forwards
Normal : Boone Jenner, Mattias Tedenby, Casey Cizikas - PP : Colton Gillies, Boone Jenner - PK : Aaron Palushaj
Extra Defensemen
Normal : Patrick Wiercioch, Jordan Schmaltz, Trevor Van Riemsdyk - PP : Patrick Wiercioch - PK : Jordan Schmaltz, Trevor Van Riemsdyk
Penalty Shots
Mattias Tedenby, Luke Adam, Robbie Earl, Tanner Glass, Boone Jenner
Scratches
Radek Faksa (Healthy), Miikka Salomaki (Left Ankle Injury), Quinton Howden (Healthy), Damon Severson (Back Spasms Injury), Dylan DeMelo (Healthy)
Erik Nystrom (Healthy)
% Time on Ice - Sasquatch
Lines # - Real PCT - Wanted PCT - Time Play
Normal Forward
1 - 34% - 40% - 15:55
2 - 30% - 30% - 14:09
3 - 21% - 20% - 10:05
4 - 15% - 10% - 7:06
Normal Defense
1 - 40% - 40% - 18:59
2 - 29% - 30% - 13:31
3 - 26% - 20% - 12:09
4 - 6% - 10% - 2:36
PP Forward
1 - 56% - 60% - 4:43
2 - 44% - 40% - 3:46
PP Defense
1 - 57% - 60% - 4:48
2 - 43% - 40% - 3:41
PK Forward
1 - 84% - 60% - 3:35
2 - 16% - 40% - 0:41
PK Defense
1 - 57% - 60% - 2:25
2 - 43% - 40% - 1:51
PK3 Forward
1 - 0% - 60%
2 - 0% - 40%
PK3 Defense
1 - 0% - 60%
2 - 0% - 40%
44 Forward
1 - 0% - 60%
2 - 0% - 40%
44 Defense
1 - 0% - 60%
2 - 0% - 40%
Last Minute Offensive - 0:00
Last Minute Defensive - 0:00
Total
Forward - 60:00
Defense - 60:00
|
% Time on Ice - Punishers
Lines # - Real PCT - Wanted PCT - Time Play
Normal Forward
1 - 35% - 40% - 16:27
2 - 26% - 30% - 12:27
3 - 24% - 20% - 11:10
4 - 15% - 10% - 7:11
Normal Defense
1 - 40% - 40% - 18:57
2 - 27% - 30% - 12:46
3 - 26% - 20% - 12:04
4 - 7% - 10% - 3:28
PP Forward
1 - 63% - 60% - 2:42
2 - 37% - 40% - 1:34
PP Defense
1 - 47% - 60% - 2:00
2 - 53% - 40% - 2:16
PK Forward
1 - 73% - 60% - 6:13
2 - 27% - 40% - 2:16
PK Defense
1 - 100% - 60% - 8:29
2 - 0% - 40% - 0:00
PK3 Forward
1 - 0% - 60%
2 - 0% - 40%
PK3 Defense
1 - 0% - 60%
2 - 0% - 40%
44 Forward
1 - 0% - 60%
2 - 0% - 40%
44 Defense
1 - 0% - 60%
2 - 0% - 40%
Last Minute Offensive - 0:00
Last Minute Defensive - 0:00
Total
Forward - 60:00
Defense - 60:00
|
Play by Play
1st period
0:01 of 1st period - Stephane Da Costa wins face-off versus Casey Cizikas in neutral zone.
0:47 of 1st period - Snap shot by Colton Gillies.
0:47 of 1st period - Shot Misses the Net.
0:49 of 1st period - Slapshot by Jordan Schmaltz.
0:49 of 1st period - Stopped by Corey Crawford with a rebound.
1:29 of 1st period - Icing by Jonathan Blum.
1:30 of 1st period - Stephane Da Costa wins face-off versus Casey Cizikas in Sasquatch zone.
2:06 of 1st period - Snap shot by Tanner Glass.
2:06 of 1st period - Stopped by Corey Crawford without a rebound.
2:07 of 1st period - Luke Adam wins face-off versus Stephane Da Costa in Sasquatch zone.
3:02 of 1st period - Nick Leddy is hit by David Rundblad and loses puck.
3:19 of 1st period - Slapshot by Nick Leddy.
3:19 of 1st period - Stopped by Niklas Svedberg with a rebound.
3:21 of 1st period - Snap shot by Sergey Kalinin.
3:21 of 1st period - Stopped by Niklas Svedberg without a rebound.
3:22 of 1st period - Stephane Da Costa wins face-off versus Casey Cizikas in Punishers zone.
3:23 of 1st period - Wrist shot by Filip Forsberg.
3:23 of 1st period - Shot Misses the Net.
3:35 of 1st period - Snap shot by Robbie Earl.
3:35 of 1st period - Stopped by Corey Crawford with a rebound.
3:37 of 1st period - Slapshot by Adam McQuaid.
3:37 of 1st period - Stopped by Corey Crawford with a rebound.
3:47 of 1st period - David Laliberté is hit by Drew Shore and loses puck.
4:14 of 1st period - Snap shot by Brock Trotter.
4:14 of 1st period - Shot Blocked by Nick Schultz.
4:32 of 1st period - Snap shot by Luke Adam.
4:32 of 1st period - Stopped by Corey Crawford with a rebound.
5:38 of 1st period - Wrist shot by Jason Zucker.
5:38 of 1st period - Shot Misses the Net.
5:42 of 1st period - Wrist shot by Brock Trotter.
5:42 of 1st period - Shot Blocked by Colton Gillies.
5:44 of 1st period - Slapshot by Nick Leddy.
5:44 of 1st period - Stopped by Niklas Svedberg without a rebound.
5:45 of 1st period - Stephane Da Costa wins face-off versus Casey Cizikas in Punishers zone.
5:50 of 1st period - Snap shot by Stephane Da Costa.
5:50 of 1st period - Shot Misses the Net.
6:00 of 1st period - Slapshot by Robbie Earl.
6:00 of 1st period - Stopped by Corey Crawford without a rebound.
6:01 of 1st period - Boone Jenner wins face-off versus Drew Shore in Sasquatch zone.
6:33 of 1st period - Slapshot by Mattias Tedenby.
6:33 of 1st period - Stopped by Corey Crawford without a rebound.
6:34 of 1st period - Casey Cizikas wins face-off versus Stephane Da Costa in Sasquatch zone.
7:17 of 1st period - Minor Penalty to Rickard Rakell for Hooking.
7:18 of 1st period - Casey Cizikas wins face-off versus Drew Shore in Sasquatch zone.
7:19 of 1st period - Wrist shot by Mattias Tedenby.
7:19 of 1st period - Stopped by Corey Crawford without a rebound.
7:20 of 1st period - Casey Cizikas wins face-off versus Drew Shore in Sasquatch zone.
7:27 of 1st period - Wrist shot by Robbie Earl.
7:27 of 1st period - Stopped by Corey Crawford with a rebound.
7:29 of 1st period - Slapshot by David Rundblad.
7:29 of 1st period - Deflect By Jonathan Blum.
7:29 of 1st period - Goal by David Rundblad - Sasquatch : 0 - Punishers : 1.
7:30 of 1st period - Casey Cizikas wins face-off versus Stephane Da Costa in neutral zone.
7:35 of 1st period - Snap shot by Casey Cizikas.
7:35 of 1st period - Stopped by Corey Crawford with a rebound.
7:55 of 1st period - Casey Cizikas is hit by Nick Leddy.
8:07 of 1st period - Snap shot by Garnet Hathaway.
8:07 of 1st period - Shot Misses the Net.
8:36 of 1st period - Nick Schultz is hit by Ryan Strome and loses puck.
8:49 of 1st period - Wrist shot by Luke Adam.
8:49 of 1st period - Shot Misses the Net.
9:04 of 1st period - Minor Penalty to Ryan Strome for Hooking.
9:05 of 1st period - Casey Cizikas wins face-off versus Drew Shore in Sasquatch zone.
10:44 of 1st period - Greg Pateryn is hit by Robbie Earl and loses puck.
11:04 of 1st period - Penalty to Ryan Strome is over, Ryan Strome is back on ice.
11:14 of 1st period - Slapshot by Brock Trotter.
11:14 of 1st period - Stopped by Niklas Svedberg without a rebound.
11:15 of 1st period - Stephane Da Costa wins face-off versus Boone Jenner in Punishers zone.
12:23 of 1st period - Snap shot by Brock Trotter.
12:23 of 1st period - Stopped by Niklas Svedberg without a rebound.
12:24 of 1st period - Oscar Sundqvist wins face-off versus Rickard Rakell in Punishers zone.
12:31 of 1st period - Slapshot by David Rundblad.
12:31 of 1st period - Deflect By Greg Pateryn.
12:31 of 1st period - Stopped by Corey Crawford with a rebound.
13:19 of 1st period - Snap shot by Drew Shore.
13:19 of 1st period - Stopped by Niklas Svedberg with a rebound.
13:43 of 1st period - Yann Sauvé is hit by Patrick Wiercioch.
13:44 of 1st period - Icing by Yann Sauvé.
13:45 of 1st period - Sergey Kalinin wins face-off versus Boone Jenner in Sasquatch zone.
14:04 of 1st period - Snap shot by Sergey Kalinin.
14:04 of 1st period - Stopped by Niklas Svedberg without a rebound.
14:05 of 1st period - Casey Cizikas wins face-off versus Stephane Da Costa in Punishers zone.
14:09 of 1st period - Icing by Mattias Tedenby.
14:10 of 1st period - Casey Cizikas wins face-off versus Stephane Da Costa in Punishers zone.
14:41 of 1st period - Snap shot by Jason Zucker.
14:41 of 1st period - Shot Misses the Net.
14:47 of 1st period - Nick Schultz is hit by Jason Zucker.
15:26 of 1st period - Snap shot by Filip Forsberg.
15:26 of 1st period - Shot Misses the Net.
15:40 of 1st period - Snap shot by Mattias Tedenby.
15:40 of 1st period - Stopped by Corey Crawford with a rebound.
15:42 of 1st period - Slapshot by Adam McQuaid.
15:42 of 1st period - Deflect By Robbie Earl.
15:42 of 1st period - Stopped by Corey Crawford with a rebound.
15:58 of 1st period - Tanner Glass is hit by Yann Sauvé and loses puck.
16:07 of 1st period - Slapshot by Jason Zucker.
16:07 of 1st period - Deflect By Nick Schultz.
16:07 of 1st period - Stopped by Niklas Svedberg without a rebound.
16:08 of 1st period - Casey Cizikas wins face-off versus Stephane Da Costa in Punishers zone.
16:15 of 1st period - Nick Schultz is hit by Greg Pateryn and loses puck.
17:23 of 1st period - Slava Voynov is hit by Luke Adam and loses puck.
17:30 of 1st period - Snap shot by Colton Gillies.
17:30 of 1st period - Shot Misses the Net.
17:46 of 1st period - Wrist shot by Garret Ross.
17:46 of 1st period - Stopped by Corey Crawford without a rebound.
17:47 of 1st period - Stephane Da Costa wins face-off versus Boone Jenner in Sasquatch zone.
18:08 of 1st period - Snap shot by Jason Akeson.
18:08 of 1st period - Shot Misses the Net.
18:10 of 1st period - Snap shot by Stephane Da Costa.
18:10 of 1st period - Shot Blocked by Nick Schultz.
18:12 of 1st period - Snap shot by Jason Akeson.
18:12 of 1st period - Shot Blocked by Nick Schultz.
18:14 of 1st period - Wrist shot by Filip Forsberg.
18:14 of 1st period - Shot Misses the Net.
18:16 of 1st period - Wrist shot by Jason Akeson.
18:16 of 1st period - Shot Misses the Net.
18:18 of 1st period - Snap shot by Jason Akeson.
18:18 of 1st period - Stopped by Niklas Svedberg with a rebound.
19:58 of 1st period - Snap shot by Jason Akeson.
19:58 of 1st period - Stopped by Niklas Svedberg without a rebound.
19:59 of 1st period - Drew Shore wins face-off versus Casey Cizikas in Punishers zone.
Goals for this period are 0 for Sasquatch vs 1 for Punishers.
Shots for this period are 10 for Sasquatch vs 15 for Punishers.
2nd period
0:01 of 2nd period - Casey Cizikas wins face-off versus Drew Shore in neutral zone.
0:01 of 2nd period - Casey Cizikas is hit by Drew Shore.
0:16 of 2nd period - Snap shot by Jason Zucker.
0:16 of 2nd period - Stopped by Niklas Svedberg with a rebound.
0:28 of 2nd period - Slapshot by Jonathan Blum.
0:28 of 2nd period - Shot Misses the Net.
0:30 of 2nd period - Slapshot by Jonathan Blum.
0:30 of 2nd period - Shot Misses the Net.
0:32 of 2nd period - Snap shot by Brock Trotter.
0:32 of 2nd period - Stopped by Niklas Svedberg without a rebound.
0:33 of 2nd period - Rickard Rakell wins face-off versus Luke Adam in Punishers zone.
0:44 of 2nd period - Wrist shot by Garnet Hathaway.
0:44 of 2nd period - Shot Blocked by Luke Adam.
1:23 of 2nd period - Snap shot by David Laliberté.
1:23 of 2nd period - Shot Blocked by Danny DeKeiser.
1:45 of 2nd period - Snap shot by Colton Gillies.
1:45 of 2nd period - Goal by Colton Gillies - Sasquatch : 0 - Punishers : 2.
1:46 of 2nd period - Casey Cizikas wins face-off versus Drew Shore in neutral zone.
1:49 of 2nd period - Slapshot by Robbie Earl.
1:49 of 2nd period - Shot Misses the Net.
2:21 of 2nd period - Slapshot by Stefan Elliott.
2:21 of 2nd period - Deflect By Filip Forsberg.
2:21 of 2nd period - Stopped by Corey Crawford with a rebound.
2:29 of 2nd period - Minor Penalty to Yann Sauvé for Hooking.
2:30 of 2nd period - Casey Cizikas wins face-off versus Drew Shore in Sasquatch zone.
2:31 of 2nd period - Wrist shot by Mattias Tedenby.
2:31 of 2nd period - Stopped by Corey Crawford with a rebound.
2:35 of 2nd period - Snap shot by Mattias Tedenby.
2:35 of 2nd period - Goal by Mattias Tedenby - Sasquatch : 0 - Punishers : 3.
2:36 of 2nd period - Drew Shore wins face-off versus Casey Cizikas in neutral zone.
3:24 of 2nd period - Snap shot by Brock Trotter.
3:24 of 2nd period - Stopped by Niklas Svedberg with a rebound.
3:26 of 2nd period - Wrist shot by Brock Trotter.
3:26 of 2nd period - Shot Blocked by Stefan Elliott.
3:28 of 2nd period - Snap shot by Rickard Rakell.
3:28 of 2nd period - Shot Hit the Post.
3:30 of 2nd period - Snap shot by Garnet Hathaway.
3:30 of 2nd period - Deflect By Brock Trotter.
3:30 of 2nd period - Stopped by Niklas Svedberg without a rebound.
3:31 of 2nd period - Drew Shore wins face-off versus Casey Cizikas in Punishers zone.
3:38 of 2nd period - Wrist shot by Jason Zucker.
3:38 of 2nd period - Deflect By Drew Shore.
3:38 of 2nd period - Goal by Drew Shore - Sasquatch : 1 - Punishers : 3.
3:39 of 2nd period - Drew Shore wins face-off versus Casey Cizikas in neutral zone.
4:00 of 2nd period - Minor Penalty to Jordan Schmaltz for Cross-checking.
4:01 of 2nd period - Robbie Earl wins face-off versus Drew Shore in Punishers zone.
5:43 of 2nd period - Filip Forsberg is hit by Mattias Tedenby and loses puck.
6:00 of 2nd period - Penalty to Jordan Schmaltz is over, Jordan Schmaltz is back on ice.
6:12 of 2nd period - Danny DeKeiser is hit by Luke Adam and loses puck.
6:31 of 2nd period - Snap shot by Sergey Kalinin.
6:31 of 2nd period - Stopped by Niklas Svedberg with a rebound.
6:33 of 2nd period - Slapshot by Danny DeKeiser.
6:33 of 2nd period - Shot Blocked by Patrick Wiercioch.
7:06 of 2nd period - Snap shot by Tanner Glass.
7:06 of 2nd period - Stopped by Corey Crawford with a rebound.
7:41 of 2nd period - Snap shot by Stephane Da Costa.
7:41 of 2nd period - Stopped by Niklas Svedberg without a rebound.
7:42 of 2nd period - Oscar Sundqvist wins face-off versus Drew Shore in Punishers zone.
7:42 of 2nd period - Oscar Sundqvist is hit by Ryan Strome.
7:55 of 2nd period - Minor Penalty to Drew Shore for Tripping.
7:56 of 2nd period - Casey Cizikas wins face-off versus Garnet Hathaway in Sasquatch zone.
8:00 of 2nd period - Wrist shot by Mattias Tedenby.
8:00 of 2nd period - Deflect By Robbie Earl.
8:00 of 2nd period - Shot Blocked by Garnet Hathaway.
8:00 of 2nd period - Puck is out of play.
8:01 of 2nd period - Filip Forsberg wins face-off versus Casey Cizikas in Sasquatch zone.
9:31 of 2nd period - Stefan Elliott is hit by Brock Trotter and loses puck.
9:55 of 2nd period - Penalty to Drew Shore is over, Drew Shore is back on ice.
10:04 of 2nd period - Colton Gillies is hit by Jason Zucker and loses puck.
10:09 of 2nd period - Wrist shot by Ryan Strome.
10:09 of 2nd period - Stopped by Niklas Svedberg with a rebound.
11:33 of 2nd period - Icing by Oscar Sundqvist.
11:34 of 2nd period - Oscar Sundqvist wins face-off versus Drew Shore in Punishers zone.
11:34 of 2nd period - Oscar Sundqvist is hit by Yann Sauvé.
12:20 of 2nd period - Casey Cizikas is hit by Danny DeKeiser.
12:30 of 2nd period - Snap shot by Aaron Palushaj.
12:30 of 2nd period - Stopped by Corey Crawford without a rebound.
12:31 of 2nd period - Ryan Strome wins face-off versus Luke Adam in Sasquatch zone.
12:40 of 2nd period - Snap shot by Nick Leddy.
12:40 of 2nd period - Shot Misses the Net.
13:05 of 2nd period - Wrist shot by Mattias Tedenby.
13:05 of 2nd period - Shot Misses the Net.
13:36 of 2nd period - Nick Schultz is hit by Sergey Kalinin and loses puck.
13:43 of 2nd period - Wrist shot by Sergey Kalinin.
13:43 of 2nd period - Shot Blocked by Oscar Sundqvist.
13:45 of 2nd period - Slapshot by Nick Leddy.
13:45 of 2nd period - Stopped by Niklas Svedberg with a rebound.
13:47 of 2nd period - Snap shot by Nick Leddy.
13:47 of 2nd period - Shot Blocked by Garret Ross.
14:28 of 2nd period - Slapshot by Stefan Elliott.
14:28 of 2nd period - Stopped by Corey Crawford without a rebound.
14:29 of 2nd period - Boone Jenner wins face-off versus Stephane Da Costa in Sasquatch zone.
14:33 of 2nd period - Icing by Greg Pateryn.
14:34 of 2nd period - Boone Jenner wins face-off versus Stephane Da Costa in Sasquatch zone.
14:35 of 2nd period - Snap shot by David Laliberté.
14:35 of 2nd period - Deflect By Greg Pateryn.
14:35 of 2nd period - Shot Blocked by Slava Voynov.
14:35 of 2nd period - Puck is out of play.
14:36 of 2nd period - Boone Jenner wins face-off versus Stephane Da Costa in Sasquatch zone.
14:49 of 2nd period - Slava Voynov is hit by Tanner Glass and loses puck.
15:39 of 2nd period - Icing by Brock Trotter.
15:40 of 2nd period - Carter Ashton wins face-off versus Sergey Kalinin in Sasquatch zone.
15:45 of 2nd period - Wrist shot by Carter Ashton.
15:45 of 2nd period - Shot Misses the Net.
16:05 of 2nd period - Jordan Schmaltz is hit by Greg Pateryn and loses puck.
17:12 of 2nd period - Slapshot by Oscar Sundqvist.
17:12 of 2nd period - Stopped by Corey Crawford with a rebound.
17:14 of 2nd period - Backhand shot by Patrick Wiercioch.
17:14 of 2nd period - Shot Misses the Net.
17:16 of 2nd period - Wrist shot by Oscar Sundqvist.
17:16 of 2nd period - Deflect By Garret Ross.
17:16 of 2nd period - Goal by Garret Ross - Sasquatch : 1 - Punishers : 4.
17:17 of 2nd period - Casey Cizikas wins face-off versus Stephane Da Costa in neutral zone.
17:51 of 2nd period - Yann Sauvé is hit by Boone Jenner and loses puck.
18:20 of 2nd period - Minor Penalty to Aaron Palushaj for Roughing.
18:21 of 2nd period - Drew Shore wins face-off versus Robbie Earl in Punishers zone.
18:54 of 2nd period - Snap shot by Yann Sauvé.
18:54 of 2nd period - Deflect By David Laliberté.
18:54 of 2nd period - Stopped by Niklas Svedberg with a rebound.
Goals for this period are 1 for Sasquatch vs 3 for Punishers.
Shots for this period are 10 for Sasquatch vs 9 for Punishers.
3rd period
0:01 of 3rd period - Robbie Earl wins face-off versus Drew Shore in neutral zone.
0:20 of 3rd period - Penalty to Aaron Palushaj is over, Aaron Palushaj is back on ice.
0:24 of 3rd period - Yann Sauvé is hit by Robbie Earl and loses puck.
0:53 of 3rd period - Wrist shot by Sergey Kalinin.
0:53 of 3rd period - Shot Blocked by Oscar Sundqvist.
0:55 of 3rd period - Slapshot by Danny DeKeiser.
0:55 of 3rd period - Deflect By Tyler Randell.
0:55 of 3rd period - Stopped by Niklas Svedberg with a rebound.
0:57 of 3rd period - Wrist shot by Teemu Hartikainen.
0:57 of 3rd period - Stopped by Niklas Svedberg without a rebound.
0:58 of 3rd period - Stephane Da Costa wins face-off versus Oscar Sundqvist in Punishers zone.
1:31 of 3rd period - Snap shot by Jason Zucker.
1:31 of 3rd period - Shot Blocked by Adam McQuaid.
1:33 of 3rd period - Wrist shot by Drew Shore.
1:33 of 3rd period - Goal by Drew Shore - Sasquatch : 2 - Punishers : 4.
1:34 of 3rd period - Robbie Earl wins face-off versus Stephane Da Costa in neutral zone.
1:55 of 3rd period - Minor Penalty to David Rundblad for Hooking.
1:56 of 3rd period - Robbie Earl wins face-off versus Drew Shore in Punishers zone.
3:01 of 3rd period - Stefan Elliott is hit by Jason Zucker and loses puck.
3:55 of 3rd period - Penalty to David Rundblad is over, David Rundblad is back on ice.
4:00 of 3rd period - Slapshot by Greg Pateryn.
4:00 of 3rd period - Deflect By Rickard Rakell.
4:00 of 3rd period - Shot Misses the Net.
4:00 of 3rd period - Puck is out of play.
4:01 of 3rd period - Rickard Rakell wins face-off versus Luke Adam in Punishers zone.
4:02 of 3rd period - Wrist shot by Brock Trotter.
4:02 of 3rd period - Stopped by Niklas Svedberg with a rebound.
4:38 of 3rd period - Nick Schultz is hit by Sergey Kalinin and loses puck.
5:09 of 3rd period - Tanner Glass is hit by Jason Zucker and loses puck.
5:28 of 3rd period - Snap shot by Colton Gillies.
5:28 of 3rd period - Deflect By Luke Adam.
5:28 of 3rd period - Shot Misses the Net.
5:28 of 3rd period - Puck is out of play.
5:29 of 3rd period - Casey Cizikas wins face-off versus Stephane Da Costa in Sasquatch zone.
5:56 of 3rd period - Minor Penalty to Adam McQuaid for Elbowing.
5:57 of 3rd period - Robbie Earl wins face-off versus Drew Shore in Punishers zone.
6:01 of 3rd period - Nick Leddy is hit by David Rundblad and loses puck.
6:22 of 3rd period - Stefan Elliott is hit by Yann Sauvé and loses puck.
6:40 of 3rd period - Off-side.
6:41 of 3rd period - Drew Shore wins face-off versus Mattias Tedenby in neutral zone.
7:35 of 3rd period - Backhand shot by David Laliberté.
7:35 of 3rd period - Deflect By Mattias Tedenby.
7:35 of 3rd period - Shot Misses the Net.
7:35 of 3rd period - Puck is out of play.
7:36 of 3rd period - Mattias Tedenby wins face-off versus Drew Shore in Sasquatch zone.
7:37 of 3rd period - Wrist shot by David Laliberté.
7:37 of 3rd period - Shot Misses the Net.
7:56 of 3rd period - Penalty to Adam McQuaid is over, Adam McQuaid is back on ice.
8:36 of 3rd period - Off-side.
8:37 of 3rd period - Mattias Tedenby wins face-off versus Stephane Da Costa in neutral zone.
8:40 of 3rd period - Slapshot by Casey Cizikas.
8:40 of 3rd period - Stopped by Corey Crawford without a rebound.
8:41 of 3rd period - Casey Cizikas wins face-off versus Stephane Da Costa in Sasquatch zone.
8:44 of 3rd period - Wrist shot by Mattias Tedenby.
8:44 of 3rd period - Stopped by Corey Crawford with a rebound.
8:46 of 3rd period - Slapshot by Jordan Schmaltz.
8:46 of 3rd period - Stopped by Corey Crawford with a rebound.
8:48 of 3rd period - Wrist shot by Robbie Earl.
8:48 of 3rd period - Goal by Robbie Earl - Sasquatch : 2 - Punishers : 5.
8:49 of 3rd period - Robbie Earl wins face-off versus Jason Akeson in neutral zone.
9:19 of 3rd period - Wrist shot by Brock Trotter.
9:19 of 3rd period - Stopped by Niklas Svedberg with a rebound.
9:27 of 3rd period - Slapshot by Robbie Earl.
9:27 of 3rd period - Stopped by Corey Crawford with a rebound.
9:29 of 3rd period - Wrist shot by Casey Cizikas.
9:29 of 3rd period - Deflect By Robbie Earl.
9:29 of 3rd period - Stopped by Corey Crawford without a rebound.
9:30 of 3rd period - David Laliberté wins face-off versus Drew Shore in Sasquatch zone.
9:35 of 3rd period - Wrist shot by Tanner Glass.
9:35 of 3rd period - Shot Misses the Net.
9:41 of 3rd period - Slapshot by Jonathan Blum.
9:41 of 3rd period - Shot Misses the Net.
9:43 of 3rd period - Wrist shot by Danny DeKeiser.
9:43 of 3rd period - Stopped by Niklas Svedberg with a rebound.
9:45 of 3rd period - Snap shot by Jason Zucker.
9:45 of 3rd period - Shot Misses the Net.
9:55 of 3rd period - Filip Forsberg is hit by Aaron Palushaj and loses puck.
10:50 of 3rd period - Snap shot by Drew Shore.
10:50 of 3rd period - Shot Misses the Net.
11:00 of 3rd period - Nick Leddy is hit by David Laliberté.
11:06 of 3rd period - Snap shot by Tyler Randell.
11:06 of 3rd period - Shot Blocked by Nick Schultz.
11:37 of 3rd period - Luke Adam is hit by Jason Akeson and loses puck.
12:33 of 3rd period - Minor Penalty to David Laliberté for Slashing.
12:34 of 3rd period - Drew Shore wins face-off versus Robbie Earl in Punishers zone.
13:02 of 3rd period - Slapshot by Drew Shore.
13:02 of 3rd period - Shot Misses the Net.
13:04 of 3rd period - Slapshot by Yann Sauvé.
13:04 of 3rd period - Deflect By Jason Zucker.
13:04 of 3rd period - Stopped by Niklas Svedberg with a rebound.
13:06 of 3rd period - Snap shot by Stephane Da Costa.
13:06 of 3rd period - Goal by Stephane Da Costa - Sasquatch : 3 - Punishers : 5.
13:07 of 3rd period - Stephane Da Costa wins face-off versus Mattias Tedenby in neutral zone.
13:10 of 3rd period - Slapshot by Yann Sauvé.
13:10 of 3rd period - Stopped by Niklas Svedberg with a rebound.
13:18 of 3rd period - Snap shot by Mattias Tedenby.
13:18 of 3rd period - Shot Blocked by Yann Sauvé.
13:20 of 3rd period - Snap shot by Casey Cizikas.
13:20 of 3rd period - Stopped by Corey Crawford without a rebound.
13:21 of 3rd period - Casey Cizikas wins face-off versus Stephane Da Costa in Sasquatch zone.
14:05 of 3rd period - Garnet Hathaway is hit by Colton Gillies and loses puck.
14:12 of 3rd period - Snap shot by Luke Adam.
14:12 of 3rd period - Deflect By Colton Gillies.
14:12 of 3rd period - Stopped by Corey Crawford without a rebound.
14:13 of 3rd period - Stephane Da Costa wins face-off versus Casey Cizikas in Sasquatch zone.
14:45 of 3rd period - Wrist shot by Jonathan Blum.
14:45 of 3rd period - Stopped by Niklas Svedberg without a rebound.
14:46 of 3rd period - Casey Cizikas wins face-off versus Drew Shore in Punishers zone.
14:51 of 3rd period - Backhand shot by Jason Zucker.
14:51 of 3rd period - Stopped by Niklas Svedberg without a rebound.
14:52 of 3rd period - Casey Cizikas wins face-off versus Drew Shore in Punishers zone.
15:06 of 3rd period - Off-side.
15:07 of 3rd period - Luke Adam wins face-off versus Rickard Rakell in neutral zone.
15:16 of 3rd period - Garnet Hathaway is hit by Luke Adam and loses puck.
16:26 of 3rd period - Slapshot by Brock Trotter.
16:26 of 3rd period - Shot Blocked by David Rundblad.
17:03 of 3rd period - Jason Akeson is hit by Stefan Elliott and loses puck.
17:28 of 3rd period - Jason Zucker is hit by Tanner Glass and loses puck.
17:44 of 3rd period - Icing by Robbie Earl.
17:45 of 3rd period - Casey Cizikas wins face-off versus Ryan Strome in Punishers zone.
18:11 of 3rd period - Patrick Wiercioch is hit by Greg Pateryn and loses puck.
Goals for this period are 2 for Sasquatch vs 1 for Punishers.
Shots for this period are 11 for Sasquatch vs 8 for Punishers.
Back to the Top